 Dungeon Crawl Stone Soup version 0.27-a0-423-gf312af23e9 (webtiles) character file.

Game seed: 8957987036756606920

31635 jasper the Imperceptible (level 13, -1/62 (65) HPs)
             Began as a Spriggan Enchanter on Feb 26, 2021.
             Was the Champion of Ru.
             Slain by an orc warrior
             ... wielding a +0 mace
              (25 damage)
             ... on level 2 of the Orcish Mines.
             The game lasted 00:56:41 (26527 turns).

jasper the Imperceptible (Spriggan Enchanter)      Turns: 26527, Time: 00:56:41

HP:   -1/62 (65)    AC:  8    Str:  4    XL:     13   Next: 27%
MP:   1/18          EV: 15    Int: 24    God:    Ru [******]
Gold: 708           SH:  0    Dex: 17    Spells: 3/17 levels left

rFire    . . .     SeeInvis +   D - +2 dagger (venom)
rCold    . . .     Faith    .   (shield restricted)
rNeg     . . .     Spirit   .   A - +0 robe "Fygitte" {Will+ Int+4}
rPois    .         Reflect  .   (helmet restricted)
rElec    .         Harm     .   L - +1 cloak
rCorr    .         Rampage  .   (gloves unavailable)
Will     +++..                  (boots unavailable) Stlth *****+++++
                                (no amulet)
HPRegen  0.20/turn              B - ring of Shadows {Umbra +Inv Stlth+}
MPRegen  0.16/turn              r - +4 ring of protection

@: exhausted, wreathed by umbra, lightly drained, very quick
A: very small, unfitting armour, see invisible, speed 3, inability to use
devices, inability to train dodging, inexperienced 1, missing an eye
a: Renounce Religion, Draw Out Power, Power Leap, Apocalypse


You were on level 2 of the Orcish Mines.
You worshipped Ru.
Ru was exalted by your worship.
You visited 4 branches of the dungeon, and saw 18 of its levels.

You collected 1408 gold pieces.
You spent 700 gold pieces at shops.

Inventory:

Hand Weapons
 a - a +1 dagger
 f - a +0 short sword
 i - a +0 dagger of venom
 D - a +2 dagger of venom (weapon)
Missiles
 g - 523 stones
 n - 43 poisoned darts (quivered)
 w - 13 boomerangs
Armour
 b - a +0 robe
 y - the +0 robe "Saocrow" {Str+3 Dex+4}
   (You found it on level 6 of the Dungeon)

   It affects your strength (+3).
   It affects your dexterity (+4).
 A - the +0 robe "Fygitte" (worn) {Will+ Int+4}
   (You found it on level 7 of the Dungeon)

   It affects your intelligence (+4).
   It affects your willpower, your defense against some magical effects.
 L - a +1 cloak (worn)
 O - a +0 buckler
Jewellery
 k - a +6 ring of strength
 r - a +4 ring of protection (right hand)
 x - a ring of resist corrosion
 B - the ring of Shadows (left hand) {Umbra +Inv Stlth+}
   (You found it on level 11 of the Dungeon)

   [ring of stealth]

   It lets you turn invisible.
   It makes you more stealthy.
 E - the ring of Juzahel {Wiz Str+4 Int+4}
   (You found it on level 10 of the Dungeon)

   [ring of wizardry]

   It improves your spell success rate.
   It affects your strength (+4).
   It affects your intelligence (+4).
 H - a ring of willpower
 I - an amulet of guardian spirit
 J - a ring of ice
 M - a +4 ring of protection
Wands
 v - a wand of flame (21)
Scrolls
 c - 4 scrolls of enchant weapon
 d - 3 scrolls of enchant armour
 l - 3 scrolls of teleportation
 o - 2 scrolls of magic mapping
 p - 3 scrolls of identify
 t - a scroll of immolation
 F - a scroll of blinking
Potions
 e - 4 potions of flight
 h - 9 potions of curing
 j - 3 potions of haste
 m - 3 potions of heal wounds
 q - a potion of lignification
 s - 5 potions of brilliance
 u - 3 potions of might
 z - 2 potions of invisibility
 C - 4 potions of mutation
 G - 2 potions of cancellation
 K - 2 potions of degeneration
 N - a potion of attraction


   Skills:
 - Level 6.0 Fighting
 - Level 10.1 Short Blades
 - Level 0.1 Throwing
 * Level 25.5 Stealth
 - Level 2.6 Spellcasting
 - Level 6.0 Hexes
 - Level 3.0 Necromancy
 - Level 2.0 Ice Magic


You had 3 spell levels left.
You knew the following spells:

 Your Spells              Type           Power        Failure   Level
a - Corona                Hex            35%          1%          1
b - Ensorcelled Hibernat  Hex/Ice        44%          3%          2
c - Confusing Touch       Hex            32%          2%          3
d - Tukima's Dance        Hex            32%          2%          3
e - Animate Skeleton      Necr           34%          3%          1
f - Vampiric Draining     Necr           8%           10%         3
g - Apportation           Tloc           6%           11%         1

Your spell library contained the following spells:

 Spells                   Type           Power        Failure   Level
 Pain                     Necr           68%          3%          1
 Freeze                   Ice            52%          4%          1
 Dazzling Flash           Conj/Hex       34%          10%         3
 Frozen Ramparts          Ice            26%          14%         3
 Ozocubu's Armour         Ice            13%          14%         3
 Lesser Beckoning         Tloc           1%           32%         3
 Cause Fear               Hex            16%          10%         4
 Animate Dead             Necr           8%           32%         4
 Hailstorm                Conj/Ice       8%           58%         4
 Summon Ice Beast         Ice/Summ       8%           58%         4
 Agony                    Necr           17%          65%         5
 Silence                  Hex/Air        8%           65%         5
 Yara's Violent Unravell  Hex/Tmut       8%           65%         5
 Invisibility             Hex            32%          82%         6
 Alistair's Intoxication  Tmut/Pois      2%           97%         5
 Bolt of Magma            Conj/Fire/Erth 1%           97%         5
 Iskenderun's Battlesphe  Conj           3%           97%         5
 Iron Shot                Conj/Erth      1%           100%        6
 Orb of Destruction       Conj           1%           100%        7
 Spellforged Servitor     Conj/Summ      1%           100%        7
 Discord                  Hex            16%          100%        8


Dungeon Overview and Level Annotations

Branches:
Dungeon (12/15)            Temple (1/1) D:4            Lair (3/6) D:10
  Swamp (0/4) Lair:3          Orc (2/2) D:9
  Snake: Lair:2-4    Spider: Lair:2-4       Elf: Orc:2

Altars:
Ashenzari
Cheibriados
Dithmenos
Elyvilon
Fedhas
Gozag
Hepliaklqana
Kikubaaqudgha
Makhleb
Nemelex Xobeh
Okawaru
Qazlal
Ru
Sif Muna
Trog
Uskayaw
Vehumet
Wu Jian
Xom
Yredelemnul
Zin
The Shining One

Shops:
Orc:1 :

Annotations:
D:2 exclusion: oklob plant
D:9 2 transporters


Innate Abilities, Weirdness & Mutations

You are very small and have problems with some larger weapons.
You are too small for most types of armour.
You have supernaturally acute eyesight. (SInv)
You cover ground extremely quickly.
You cannot study or use magical devices.
You cannot train Dodging skill.
You are somewhat inexperienced. (-2 XL)
You are missing an eye, making it more difficult to aim.


Message History

You take 21 damage, and have 21/62 hp.
MASSIVE DAMAGE!!
Items here: (( )))) [[[ †.
Casting: Ensorcelled Hibernation (safe; 3% risk of failure)
Confirm with . or Enter, or press ? or * to list all spells.
Aiming: Ensorcelled Hibernation (safe; 3% risk of failure)
Press: ? - help, Shift-Dir - straight line, f/p - orc knight
Aim: an orc knight, wielding a +1 dire flail of protection and wearing a +0 chain mail (almost dead, poisoned, slow, chance to affect: 34%)
The orc warrior is unaffected.
You now have 4/18 mp.
Casting: Ensorcelled Hibernation (safe; 3% risk of failure)
Confirm with . or Enter, or press ? or * to list all spells.
Aiming: Ensorcelled Hibernation (safe; 3% risk of failure)
Press: ? - help, Shift-Dir - straight line, f/p - orc knight
Aim: an orc knight, wielding a +1 dire flail of protection and wearing a +0 chain mail (almost dead, poisoned, slow, umbra, chance to affect: 34%)
The orc warrior is unaffected.
The orc warrior barely misses you.
You now have 2/18 mp.
The orc knight begins to attack, but is stunned by your conviction!
Throw: 45 darts (poison)
Press: ? - help, Q - select action, (/) - cycle Shift-Dir - straight line, f/p - orc knight
Aim: an orc knight, wielding a +1 dire flail of protection and wearing a +0 chain mail (almost dead, poisoned, slow, 43% to hit)
You throw a poisoned dart. The poisoned dart hits the orc warrior.
The orc warrior grunts repeatedly.
Throw: 44 darts (poison)
Press: ? - help, Q - select action, (/) - cycle Shift-Dir - straight line, f/p - orc knight
Aim: an orc knight, wielding a +1 dire flail of protection and wearing a +0 chain mail (almost dead, poisoned, slow, 43% to hit)
You throw a poisoned dart.
The poisoned dart closely misses the orc warrior.
The poisoned dart hits the orc knight.
The orc knight is almost dead.
The orc knight roars a battlecry!
The orc warrior goes into a battle-frenzy!
Casting: Ensorcelled Hibernation (safe; 3% risk of failure)
Confirm with . or Enter, or press ? or * to list all spells.
Aiming: Ensorcelled Hibernation (safe; 3% risk of failure)
Press: ? - help, Shift-Dir - straight line, f/p - orc knight
Aim: an orc knight, wielding a +1 dire flail of protection and wearing a +0 chain mail (almost dead, poisoned, slow, chance to affect: 34%)
The orc warrior is unaffected.
You kill the orc knight!
The orc warrior hits you with a +0 mace!!
You die...

#......#..........# ...#...#.o.#
##..#.#...........# #......oo...#
....##..........<.##....#...#....
##...............###.....))))).).
.##..#............##....#...#....
..................##.....†oo)))..
................<.##....#.).#.)).
...##.............# #.....o))).)#
#..##...........@.# #...#)..#.).#
#....#..........o.# #....[.[..##
..........#.......# #..#...#..#
#.#..##.........(.# ##.......##
###...##.##.......#######...#####
##.#....#.......#....o.).......
##....#......)##.......)......
##.####.....#o).)............ ###
#...##....#o.........^.


You could see an orc high priest (strong) and an orc warrior (strong).

Vanquished Creatures
  Snorg (D:11)
  2 hydras
  A boulder beetle (D:11)
  4 orc high priests
  Nergalle (Lair:2)
  Pikel (D:9)
  2 bog bodies (Lair:3)
  4 orc knights (Orc:2)
  A wizard (D:10)
  2 ugly things
  A cyclops (Orc:1)
  2 elephants
  5 black mambas
  2 centaur zombies
  The ghost of dolemite99 the Slinger, a novice MiHu of Fedhas (D:5)
  A rime drake (Lair:1)
  2 cane toads
  17 komodo dragons
  A kobold demonologist (D:11)
  A troll (Orc:2)
  2 polar bears (Lair:3)
  A blink frog (Lair:2)
  5 wyverns
  20 yaks
  Eustachio (D:4)
  A basilisk (D:10)
  A warg (Orc:1)
  Menkaure (D:7)
  Edmund (D:4)
  11 water moccasins
  Duvessa (D:6)
  3 sky beasts
  5 black bears
  25 orc warriors
  A necrophage (D:5)
  6 ice beasts
  4 wolves
  8 ogres
  6 centaurs
  A lemure (D:9)
  3 phantoms
  A kobold brigand (D:7)
  A gnoll sergeant (D:8)
  13 bullfrogs
  6 scorpions
  Dowan (D:6)
  7 killer bees
  15 wights
  2 howler monkeys
  A crimson imp (D:10)
  A bullfrog zombie (D:10)
  2 jellies (D:10)
  Crazy Yiuf (D:7)
  10 hounds
  3 bullfrog skeletons
  6 iguanas
  20 orc priests
  19 orc wizards
  11 worker ants
  A killer bee zombie (D:8)
  A hound zombie (D:8)
  3 hound skeletons
  A mummy (D:8)
  A worker ant zombie (D:11)
  Robin (D:3)
  A howler monkey skeleton (D:5)
  16 gnolls
  5 adders
  A shadow imp (D:8)
  2 white imps
  2 ufetubi
  3 adder zombies
  2 adder skeletons
  5 worms
  4 dart slugs
  11 leopard geckos
  63 orcs
  5 giant cockroaches
  11 goblins
  9 hobgoblins
  14 jackals
  9 kobolds
  5 quokkas
  5 bats
  6 frilled lizards
  A jackal skeleton (D:8)
  A kobold zombie (D:8)
  A leopard gecko skeleton (D:8)
  A leopard gecko zombie (D:5)
  An orc zombie (D:8)
  10 rats
481 creatures vanquished.

Vanquished Creatures (others)
  3 bushes (D:10)
  10 fungi
  37 plants
50 creatures vanquished.

Grand Total: 531 creatures vanquished

Notes
Turn   | Place    | Note
-------+----------+-------------------------------------------
     0 | D:1      | jasper the Spriggan Enchanter began the quest for the Orb.
     0 | D:1      | Reached XP level 1. HP: 9/9 MP: 5/5
   213 | D:1      | Reached skill level 5 in Stealth
   596 | D:1      | Reached XP level 2. HP: 13/13 MP: 6/6
   600 | D:1      | Learned a level 2 spell: Ensorcelled Hibernation
   940 | D:1      | Reached skill level 6 in Stealth
  1432 | D:1      | Reached XP level 3. HP: 16/16 MP: 5/8
  2365 | D:2      | Reached skill level 7 in Stealth
  2441 | D:2      | Reached XP level 4. HP: 21/21 MP: 6/9
  2493 | D:2      | Learned a level 3 spell: Confusing Touch
  2846 | D:2      | Found a sacrificial altar of Ru.
  2852 | D:2      | Became a worshipper of Ru the Awakened
  3244 | D:2      | Found a blossoming altar of Fedhas.
  3258 | D:2      | Noticed an oklob plant
  3834 | D:3      | Reached skill level 1 in Ice Magic
  4521 | D:3      | Gained mutation: You cannot study or use magical devices.
                  | [Ru sacrifice]
  4521 | D:3      | Reached * piety under Ru
  4521 | D:3      | Reached ** piety under Ru
  4812 | D:3      | Noticed Robin
  4911 | D:3      | Killed Robin
  4912 | D:3      | Reached XP level 5. HP: 19/24 MP: 1/10
  5138 | D:4      | Noticed Eustachio
  5364 | D:4      | Learned a level 3 spell: Tukima's Dance
  5629 | D:5      | Entered Level 5 of the Dungeon
  5748 | D:5      | Noticed an ogre
  5928 | D:5      | Killed an ogre
  5929 | D:5      | Reached skill level 5 in Hexes
  5929 | D:5      | Reached XP level 6. HP: 28/28 MP: 11/11
  5956 | D:4      | Noticed Edmund
  6491 | D:4      | Found a staircase to the Ecumenical Temple.
  6500 | Temple   | Entered the Ecumenical Temple
  6845 | D:5      | Noticed an ice beast
  7239 | D:5      | Noticed a sky beast
  7247 | D:5      | Killed a sky beast
  7295 | D:5      | Reached XP level 7. HP: 31/32 MP: 4/12
  7467 | D:5      | Reached skill level 5 in Short Blades
  8135 | D:5      | Found a runed translucent gate.
  8135 | D:5      | Found a runed translucent gate.
  8135 | D:5      | Found a runed translucent gate.
  8136 | D:5      | Noticed dolemite99's ghost (novice MiHu)
  8294 | D:6      | Noticed Dowan
  8519 | D:6      | Identified an ancient robe
  8628 | D:6      | Noticed Duvessa
  8666 | D:7      | Reached XP level 8. HP: 36/36 MP: 13/13
  8723 | D:7      | Identified a slimy robe
  8764 | D:7      | Gained mutation: You cannot train Dodging skill. [Ru
                  | sacrifice]
  8764 | D:7      | Reached *** piety under Ru
  8810 | D:7      | Noticed Menkaure
  8820 | D:7      | Killed Menkaure
  9065 | D:8      | Learned a level 1 spell: Animate Skeleton
  9902 | D:7      | Found a burning altar of Makhleb.
 10023 | D:7      | Reached skill level 10 in Short Blades
 10401 | D:8      | Noticed a brown ugly thing
 10403 | D:8      | Killed a brown ugly thing
 10404 | D:8      | Reached skill level 1 in Fighting
 10404 | D:8      | Reached skill level 9 in Stealth
 10404 | D:8      | Reached skill level 1 in Necromancy
 10404 | D:8      | Reached XP level 9. HP: 41/41 MP: 14/14
 10608 | D:9      | Reached skill level 10 in Stealth
 11198 | D:9      | Learned a level 3 spell: Vampiric Draining
 11247 | D:9      | Found a staircase to the Orcish Mines.
 11263 | D:9      | Reached skill level 11 in Stealth
 11370 | D:9      | Found a bloodstained altar of Trog.
 11630 | D:9      | Found a white marble altar of Elyvilon.
 11664 | D:10     | Entered Level 10 of the Dungeon
 12012 | D:10     | Gained mutation: You are somewhat inexperienced. (-2 XL)
                  | [Ru sacrifice]
 12012 | D:10     | Reached XP level 8. HP: 40/40 MP: 13/13
 12012 | D:10     | Reached XP level 7. HP: 36/36 MP: 12/12
 12012 | D:10     | Reached **** piety under Ru
 12012 | D:10     | Reached ***** piety under Ru
 12051 | D:10     | Reached skill level 12 in Stealth
 12051 | D:10     | Reached XP level 8. HP: 40/40 MP: 10/13
 12180 | D:10     | Identified a pitted granite ring
 12758 | D:10     | Reached skill level 13 in Stealth
 12760 | D:10     | Reached XP level 9. HP: 45/45 MP: 9/14
 12936 | D:10     | Found a staircase to the Lair.
 13099 | D:10     | Reached skill level 14 in Stealth
 13184 | D:10     | You fall into a shaft and drop 1 floor!
 13201 | D:11     | Noticed a boulder beetle
 13210 | D:11     | Killed a boulder beetle
 13211 | D:11     | Reached skill level 5 in Fighting
 13286 | D:10     | Reached skill level 15 in Stealth
 13413 | D:9      | Found a transporter.
 13413 | D:9      | Noticed a boulder beetle
 13414 | D:9      | Found a transporter.
 13537 | D:9      | Noticed Pikel
 13598 | D:9      | Reached XP level 10. HP: 51/51 MP: 12/15
 13843 | D:4      | Killed Edmund
 13956 | D:4      | Killed Eustachio
 14575 | D:5      | Killed dolemite99's ghost
 14866 | D:6      | Reached skill level 16 in Stealth
 14935 | D:6      | Killed Dowan
 14945 | D:6      | Killed Duvessa
 15842 | D:7      | Found an ancient bone altar of Kikubaaqudgha.
 15843 | D:7      | Found a hide-covered altar of Uskayaw.
 15867 | D:7      | Found a shimmering blue altar of Sif Muna.
 16444 | D:7      | Found a runed translucent door.
 16445 | D:7      | Noticed Crazy Yiuf
 16457 | D:7      | Killed Crazy Yiuf
 17241 | D:8      | Found a shadowy altar of Dithmenos.
 17764 | D:9      | Killed Pikel
 17984 | Orc:1    | Entered Level 1 of the Orcish Mines
 17991 | Orc:1    | Reached skill level 17 in Stealth
 18367 | D:10     | Noticed a wizard
 18380 | D:10     | Killed a wizard
 18735 | D:11     | Noticed Snorg
 18738 | D:11     | Killed Snorg
 18739 | D:11     | Reached XP level 11. HP: 56/56 MP: 16/16
 18861 | D:11     | Reached skill level 18 in Stealth
 18918 | D:11     | Found the ring of Shadows {Umbra +Inv Stlth+}
 18933 | D:11     | Noticed a green ugly thing
 18957 | D:11     | Killed a green ugly thing
 19905 | D:12     | Noticed a boulder beetle
 20026 | Lair:1   | Entered Level 1 of the Lair of Beasts
 20197 | Lair:1   | Reached skill level 19 in Stealth
 20291 | Lair:1   | Noticed a seven-headed hydra
 20295 | Lair:1   | Killed a seven-headed hydra
 20330 | Lair:1   | You fall into a shaft and drop 1 floor!
 20541 | Lair:2   | Noticed a five-headed hydra
 20548 | Lair:2   | Killed a five-headed hydra
 20549 | Lair:2   | Reached skill level 20 in Stealth
 21025 | Lair:1   | Reached skill level 21 in Stealth
 21051 | Lair:1   | Reached XP level 12. HP: 61/61 MP: 17/17
 21562 | Lair:1   | Reached skill level 22 in Stealth
 22568 | Lair:3   | Reached skill level 23 in Stealth
 23045 | Lair:3   | Found a staircase to the Swamp.
 23110 | Lair:3   | Found a hide-covered altar of Uskayaw.
 23246 | Lair:3   | Gained mutation: You are missing an eye, making it more
                  | difficult to aim. [Ru sacrifice]
 23246 | Lair:3   | Reached ****** piety under Ru
 23255 | Lair:2   | Noticed Nergalle
 23262 | Lair:2   | Killed Nergalle
 23263 | Lair:2   | Reached skill level 24 in Stealth
 23480 | Lair:1   | Upgraded the game from 0.27-a0-417-g317cea8a3c to
                  | 0.27-a0-423-gf312af23e9
 24952 | Orc:1    | Found Wikaofo's Book Shop.
 24954 | Orc:1    | Noticed an orc high priest
 24962 | Orc:1    | Killed an orc high priest
 24980 | Orc:1    | Reached XP level 13. HP: 65/65 MP: 13/18
 25152 | Orc:1    | Bought a book of Party Tricks for 700 gold pieces
 25154 | Orc:1    | Learned a level 1 spell: Apportation
 25773 | Orc:2    | Entered Level 2 of the Orcish Mines
 26077 | Orc:2    | Reached skill level 25 in Stealth
 26527 | Orc:2    | Slain by an orc warrior

Illustrated notes

Levels and vault maps discovered:
D:1:      nagdon_arrival_double_spiral, layout_basic
D:2:      wander_river, layout_basic, hangedman_ru_absence, tgw_fedhas
D:3:      layout_loops_ring, uniq_robin
D:4:      layout_loops_ring, minmay_temple_entry_enclosed_plants,
          hangedman_decor_riveting, uniq_edmund, uniq_eustachio
D:5:      layout_basic, gammafunk_ghost_necromancy
D:6:      layout_rooms, uniq_duvessa
D:7:      layout_layer_cave, lemuel_blue_sif_altar, kennysheep_little_box,
          gammafunk_temple_overflow_statue, enter_bailey_2, uniq_menkaure,
          uniq_crazy_yiuf_cottage
D:8:      cheibrodos_ideogram_h, layout_basic,
          nicolae_dithmenos_through_a_glass_darkly, nicolae_ossuary_entry_giza
D:9:      gammafunk_boulding_lane, layout_basic, elyvilon_altar_3,
          old_standard_altar, orc_0_dummy, uniq_pikel
D:10:     layout_stronghold, minmay_lair_entry_grove, lightli_wizard_tower
D:11:     layout_gridville, uniq_snorg
D:12:     minmay_isolated_rectangles_in_corner, layout_layer_cave, basic_altar,
          uniq_kirke, uniq_jorgrun
Temple:   cyrus_circular_temple
Lair:1:   layout_cave_pods, beast_lair_carwin_7, grunt_megastairs_2,
          infiniplex_staircase_pool_2
Lair:2:   nzn_winding_woodlands_large [nzn_winding_woodlands_5x5_three,
          nzn_winding_woodlands_5x15_concentric,
          nzn_winding_woodlands_5x5_default,
          nzn_winding_woodlands_center_diamonds,
          nzn_winding_woodlands_15x15_killbox,
          nzn_winding_woodlands_center_pierced_h,
          nzn_winding_woodlands_5x5_default,
          nzn_winding_woodlands_5x15_lazy_stream,
          nzn_winding_woodlands_5x5_closed_star], layout_cellular_growth,
          lemuel_old_faithful, lemuel_fruit_tree, uniq_nergalle
Lair:3:   layout_gridlike, skrybe_swamp_entry_bodies, amcnicky_altar_gilded
Orc:1:    layout_caves, serial_shops, shop_statue, nicolae_orc_bridge_out
Orc:2:    st_orc_pillars, layout_caves, nicolae_volcano_entry_two_sided

Skill      XL: |  1  2  3  4  5  6  7  8  9 10 11 12 13 |
---------------+----------------------------------------+-----
Stealth        | 5 6 7 12 13 15 17 21 24 25 | 25.5
Ice Magic      | 1 2 |  2.0
Hexes          | 4 5 6 |  6.0
Short Blades   | 4 7 10 | 10.1
Dodging        | 0 |  0.0
Fighting       | 4 5 6 |  6.0
Necromancy     | 1 3 |  3.0
Throwing       | |  0.1
Spellcasting   | |  2.6

Action                   |  1- 3 |  4- 6 |  7- 9 | 10-12 | 13-15 || total
-------------------------+-------+-------+-------+-------+-------++-------
Melee: Dagger            |    59 |   135 |   294 |   511 |    58 ||  1057
Throw: Dart              |    15 |    38 |    21 |     1 |     2 ||    77
       Stone             |     1 |       |       |       |       ||     1
       Boomerang         |       |       |     7 |       |       ||     7
 Cast: Corona            |    10 |       |       |       |       ||    10
       Ensorcelled Hiber |    24 |    29 |   100 |   189 |    35 ||   377
       Confusing Touch   |       |     8 |    22 |    26 |     1 ||    57
       Vampiric Draining |       |       |       |     1 |       ||     1
Invok: Sacrifice Artific |       |     1 |       |       |       ||     1
       Sacrifice Experie |       |       |     1 |       |       ||     1
       Sacrifice Nimblen |       |       |     1 |       |       ||     1
       Power Leap        |       |       |       |     4 |       ||     4
       Reject Sacrifices |       |       |       |     1 |       ||     1
       Apocalypse        |       |       |       |     1 |     2 ||     3
       Sacrifice an Eye  |       |       |       |     1 |       ||     1
  Use: Scroll            |       |     6 |     3 |    13 |       ||    22
       Potion            |       |     1 |     1 |     1 |       ||     3
 Stab: Sleeping          |    24 |    30 |    75 |   152 |    16 ||   297
       Distracted        |       |     2 |     4 |     1 |       ||     7
       Confused          |       |     4 |    15 |    24 |     1 ||    44
       Invisible         |       |     1 |     2 |     3 |       ||     6
       Paralysed         |       |       |       |     3 |     3 ||     6
Armor: Robe              |     6 |     5 |    21 |    41 |    10 ||    83
Dodge: Dodged            |    54 |    75 |   138 |   198 |    34 ||   499

Table legend: (Time is in decaauts)
 A = Elapsed time spent in this place.
 B = Non-inter-level travel time spent in this place.
 C = Inter-level travel time spent in this place.
 D = Time resting spent in this place.
 E = Time spent auto-exploring this place.
 F = Levels seen in this place.
 G = Mean time per level.
                   A        B        C        D        E       F      G
               +--------+--------+--------+--------+--------+-----+--------+
         Total |  20646 |  19792 |    854 |   5870 |  10107 |  18 | 1147.0 |
       Dungeon |  16174 |  15421 |    753 |   4853 |   7505 |  12 | 1347.8 |
        Temple |     38 |     34 |      4 |      0 |     25 |   1 |   38.0 |
          Lair |   3013 |   2935 |     78 |    552 |   1947 |   3 | 1004.3 |
  Orcish Mines |   1420 |   1403 |     17 |    464 |    628 |   2 |  710.0 |
               +--------+--------+--------+--------+--------+-----+--------+

Top non-repeatable levels by time:
     D:9: 2338 daAuts
     D:5: 1986 daAuts
    D:10: 1971 daAuts
  Lair:1: 1758 daAuts
     D:7: 1495 daAuts
     D:1: 1388 daAuts
     D:3: 1375 daAuts
     D:2: 1356 daAuts
     D:8: 1317 daAuts
     D:4: 1129 daAuts
   Orc:1: 1047 daAuts
     D:6: 895 daAuts
  Lair:2: 717 daAuts
  Lair:3: 537 daAuts
    D:11: 529 daAuts
